 Dungeon Crawl Stone Soup version 0.21.0-24-g2553a33 (webtiles) character file.

110 vatarom the Gusty (level 4, -5/25 HPs)
             Began as a Tengu Air Elementalist on Jan 19, 2018.
             Slain by an orc
             ... wielding a +0 flail
              (7 damage)
             ... on level 3 of the Dungeon.
             The game lasted 00:05:39 (2748 turns).

vatarom the Gusty (Tengu Air Elementalist)          Turns: 2748, Time: 00:05:40

Health: -5/25      AC:  2    Str:  8    XL:     4   Next: 91%
Magic:  2/8        EV: 13    Int: 16    God:
Gold:   113        SH:  0    Dex: 15    Spells: 2/8 levels left

rFire    . . .     SeeInvis .   i - +0 dagger
rCold    . . .     Gourm    .   (no shield)
rNeg     . . .     Faith    .   a - +0 robe
rPois    .         Spirit   .   (helmet restricted)
rElec    .         Reflect  .   (no cloak)
rCorr    .         Harm     .   (no gloves)
MR       .....                  (boots unavailable)
Stlth    +++.......             (no amulet)
HPRegen  0.08/turn              (no ring)
MPRegen  0.11/turn              (no ring)

@: lethally poisoned (-5 -> -15)
A: beak, horns 1, talons 3, camouflage 1
a: no special abilities


You were on level 3 of the Dungeon.
You were not hungry.

You visited 1 branch of the dungeon, and saw 4 of its levels.

You collected 113 gold pieces.

Inventory:

Hand Weapons
 i - a +0 dagger (weapon)
Armour
 a - a +0 robe (worn)
Scrolls
 d - 4 scrolls of remove curse
 f - a scroll of immolation
 k - 2 scrolls of amnesia
Potions
 j - 3 potions of resistance
Books
 b - a book of Air

   Spells                             Type                      Level
   a - Shock                          Conjuration/Air              1
   b - Swiftness                      Charms/Air                   2
   c - Static Discharge               Conjuration/Air              3
   d - Airstrike                      Air                          4
   e - Lightning Bolt                 Conjuration/Air              5
Comestibles
 c - 4 rations


   Skills:
 + Level 1.6 Fighting
 - Level 2.1 Dodging
 - Level 2.0 Stealth
 + Level 2.6 Spellcasting
 * Level 3.8 Conjurations
 + Level 4.9 Air Magic


You had 2 spell levels left.
You knew the following spells:

 Your Spells              Type           Power        Failure   Level  Hunger
a - Shock                 Conj/Air       ###.         3%          1    #......
b - Swiftness             Chrm/Air       #.......     11%         2    ##.....
c - Static Discharge      Conj/Air       ###.....     10%         3    ###....


Dungeon Overview and Level Annotations

Branches:
Dungeon (4/15)
 Temple: D:4-7

Altars:

Annotations:
D:3 1 exclusion, Grinder; wazuzu's ghost, amateur GnVM


Innate Abilities, Weirdness & Mutations

You have a beak for a mouth.
You have claws for feet.
You have a pair of small horns on your head.
Your skin changes colour to match your surroundings (Stealth+).


Message History

Unknown command.
You can't go down here!
Unknown command.
The worker ant bites you.
You are poisoned.
The worker ant poisons you!
The orc hits you with a short sword of speed.
The orc hits you but does no damage.
You climb upwards.
Level annotation: 1 exclusion, Grinder; wazuzu's ghost, amateur GnVM You feel sick.
There is a stone staircase leading down here.
Unknown command.
You closely miss the orc. You peck the orc.
You kill the orc!
You feel sick. The worker ant bites you.
* * * LOW HITPOINT WARNING * * *
You are more poisoned.
The worker ant poisons you! The orc hits you with a flail!
You die...

.#................##.######
.........#................#
.....................###..#
.....................# #..#
.............##.####.# #..#
........#.......####.###..#
.#####..##..###...........#
.#####..##..###o####.###..#######
.....(..[......o@)..^............
##.###.<##..###a###############.#
............# #.# #.#
##.##.#.##..# ### #.#
##.#........# #.# ##.##.#[....#
#.# ...##.#.##.## #.#
...##.#.##.######## ###
.#.#..............#


You could see a worker ant and 2 orcs.

Vanquished Creatures
  An orc priest (D:4)
  2 adders
  2 worms (D:2)
  4 orcs
  A ball python (D:2)
  5 giant cockroaches
  7 hobgoblins
  A quokka (D:2)
  4 bats
  4 frilled lizards
  7 goblins
  7 kobolds
  6 rats
51 creatures vanquished.

Notes
Turn   | Place    | Note
-------+----------+-------------------------------------------
     0 | D:1      | vatarom the Tengu Air Elementalist began the quest for the Orb.
     0 | D:1      | Reached XP level 1. HP: 10/10 MP: 4/4
   145 | D:1      | Reached XP level 2. HP: 16/16 MP: 1/6
   255 | D:1      | Learned a level 2 spell: Swiftness
   623 | D:1      | Reached XP level 3. HP: 20/20 MP: 2/7
   676 | D:1      | Learned a level 3 spell: Static Discharge
   910 | D:2      | Reached skill level 1 in Fighting
  1673 | D:3      | Noticed wazuzu's ghost (amateur GnVM)
  1869 | D:3      | Reached XP level 4. HP: 25/25 MP: 5/8
  2328 | D:3      | Gained mutation: You do not regenerate when monsters are visible. [potion of mutation]
  2328 | D:3      | Gained mutation: You expend magic power (3 MP) to strengthen your wands. [potion of mutation]
  2328 | D:3      | Gained mutation: Your skin changes colour to match your surroundings (Stealth+). [potion of mutation]
  2329 | D:3      | Lost mutation: You expend magic power (3 MP) to strengthen your wands. [potion of mutation]
  2329 | D:3      | Gained mutation: You have a pair of small horns on your head. [potion of mutation]
  2329 | D:3      | Lost mutation: You do not regenerate when monsters are visible. [potion of mutation]
  2340 | D:3      | Noticed Grinder
  2748 | D:3      | Slain by an orc

Skill      XL: |  1  2  3 |
---------------+----------+-----
Conjurations   | 2 3 |  3.8
Fighting       | 1 |  1.6
Dodging        | |  2.1
Stealth        | |  2.0
Spellcasting   | |  2.6
Air Magic      | |  4.9

Action                   |  1- 3 |  4- 6 || total
-------------------------+-------+-------++-------
Melee: Whip              |     7 |       ||     7
       Dagger            |    10 |    17 ||    27
       Peck              |     4 |     4 ||     8
       Kick              |     4 |     2 ||     6
       Headbutt          |       |     1 ||     1
 Cast: Shock             |    77 |    21 ||    98
       Static Discharge  |     2 |     3 ||     5
  Use: Scroll            |     8 |     3 ||    11
       Potion            |       |     4 ||     4
 Stab: Sleeping          |     1 |     1 ||     2
  Eat: Chunk             |     4 |     1 ||     5
       Ration            |       |     1 ||     1
Armor: Robe              |     6 |     7 ||    13
Dodge: Dodged            |    19 |    22 ||    41
